 Dungeon Crawl Stone Soup version 0.22-a0-587-g7d32d7c (webtiles) character file.

91611 Gildeon the Severer (level 15, -7/115 HPs)
             Began as a Minotaur Fighter on July 1, 2018.
             Was the Champion of Okawaru.
             Killed from afar by Nikola (23 damage)
             ... with a chain lightning
             ... on level 1 of the Shoals on July 4, 2018.
             The game lasted 02:19:14 (24240 turns).

Gildeon the Severer (Minotaur Fighter)             Turns: 24240, Time: 02:19:16

Health: -7/115     AC: 23    Str: 25    XL:     15   Next: 55%
Magic:  0/21       EV: -1    Int: 10    God:    Okawaru [******]
Gold:   375        SH: 12    Dex: 13    Spells: 16/24 levels left

rFire    . . .     SeeInvis +   a - +4 war axe (protect)
rCold    + . .     Gourm    .   l - +0 large shield
rNeg     . . .     Faith    .   c - +4 crystal plate armour {rC+}
rPois    .         Spirit   +   (helmet restricted)
rElec    .         Reflect  .   p - +0 cloak
rCorr    .         Harm     .   H - +0 pair of gloves {archery}
MR       +....                  G - +2 pair of boots
Stlth    ..........             B - amulet of guardian spirit
HPRegen  0.29/turn              h - +4 ring of strength
MPRegen  0.17/turn              e - ring of flight

@: extremely drained
A: retaliatory headbutt, horns 2, see invisible, clever 1, subdued magic 1
a: Heroism, Finesse, Renounce Religion, Evoke Flight


You were on level 1 of the Shoals.
You worshipped Okawaru.
Okawaru was exalted by your worship.
You were not hungry.

You visited 5 branches of the dungeon, and saw 22 of its levels.
You also visited: Ice Cave.

You collected 1915 gold pieces.
You spent 1540 gold pieces at shops.

Inventory:

Hand Weapons
 a - a +4 war axe of protection (weapon)
 g - the +1 broad axe "Syxill" {drain, +Inv rN+}
   (Okawaru gifted it to you on level 5 of the Lair of Beasts)

   A truly terrible weapon, it drains the life of those it strikes.
   It protects you from negative energy.
   It lets you turn invisible.
 x - a +4 war axe of freezing
 z - a +1 broad axe of electrocution
 A - a +1 hand axe of flaming
Armour
 c - a +4 crystal plate armour of cold resistance (worn)
 k - a +2 robe of magic resistance
 l - a +0 large shield (worn)
 m - a +2 plate armour
 p - a +0 cloak (worn)
 G - a +2 pair of boots (worn)
 H - a +0 pair of gloves of archery (worn)
 K - a +0 leather armour of poison resistance
 N - a +1 ring mail of fire resistance
Jewellery
 e - a ring of flight (right hand)
 h - a +4 ring of strength (left hand)
 j - an uncursed ring of positive energy
 q - an uncursed ring of see invisible
 r - an uncursed ring of positive energy
 v - an uncursed ring of protection from fire
 y - an uncursed amulet of rage
 B - an amulet of guardian spirit (around neck)
Wands
 n - a wand of disintegration (3)
 s - a wand of random effects (23)
 t - a wand of iceblast (7)
 w - a wand of paralysis (6)
 E - a wand of digging (34)
 I - a wand of clouds (3)
Scrolls
 b - 2 scrolls of magic mapping
 d - 7 scrolls of teleportation
 u - 4 scrolls of fog
 F - 6 scrolls of remove curse
 R - a scroll of fear
Potions
 o - 4 potions of curing
 C - a potion of magic
 D - a potion of haste
 L - a potion of lignification
Comestibles
 f - 29 rations


   Skills:
 + Level 6.0(0.0) Fighting
 * Level 19.7(0.0) Axes
 - Level 5.0(0.0) Throwing
 + Level 6.0(0.0) Armour
 + Level 6.0(0.0) Dodging
 + Level 15.5(0.0) Shields
 - Level 5.0(0.0) Spellcasting
 - Level 5.0(0.0) Hexes
 + Level 4.6(0.0) Translocations
 + Level 0.4(0.0) Transmutations
 + Level 0.5(0.0) Earth Magic
 - Level 5.0(0.0) Invocations
 - Level 5.0(0.0) Evocations


You had 16 spell levels left.
You knew the following spells:

 Your Spells              Type           Power        Failure   Level  Hunger
a - Confusing Touch       Hex            #.....       100%        1    ##.....
b - Blink                 Tloc           N/A          100%        2    ###....
c - Slow                  Hex            #.......     100%        2    ###....
d - Corona                Hex            #......      100%        1    ##.....
e - Passwall              Tmut/Erth      #.......     100%        2    ###....

Your spell library contained the following spells:

 Spells                   Type           Power        Failure   Level  Hunger
 Cause Fear               Hex            #.........   100%        4    #####..
 Magic Dart               Conj           #...         100%        1    ##.....
 Apportation              Tloc           #.....       100%        1    ##.....
 Conjure Flame            Conj/Fire      #.......     100%        3    ####...
 Mephitic Cloud           Conj/Pois/Air  #.......     100%        3    ####...
 Venom Bolt               Conj/Pois      #.........   100%        5    ######.
 Olgreb's Toxic Radiance  Pois           #.......     100%        4    #####..
 Summon Small Mammal      Summ           #...         100%        1    ##.....
 Animate Skeleton         Necr           N/A          100%        1    ##.....
 Call Imp                 Summ           #.......     100%        2    ###....
 Sting                    Conj/Pois      #...         100%        1    ##.....
 Stone Arrow              Conj/Erth      #.....       100%        3    ####...
 Spider Form              Tmut/Pois      #.........   100%        3    ####...
 Blade Hands              Tmut           #.........   100%        5    ######.
 Ice Form                 Ice/Tmut       #.......     100%        4    #####..
 Sticks to Snakes         Tmut           #.......     100%        2    ###....
 Lee's Rapid Deconstruct  Erth           #.........   100%        5    ######.
 Sandblast                Erth           #.....       100%        1    ##.....
 Portal Projectile        Hex/Tloc       #.....       100%        3    ####...
 Petrify                  Tmut/Erth      #.......     100%        4    #####..
 Leda's Liquefaction      Hex/Erth       #.........   100%        4    #####..
 Inner Flame              Hex/Fire       #.......     100%        3    ####...
 Beastly Appendage        Tmut           #.....       100%        1    ##.....
 Poisonous Vapours        Pois/Air       #.....       100%        2    ###....


Dungeon Overview and Level Annotations

Branches:
Dungeon (12/15)            Temple (1/1) D:5            Lair (6/6) D:9
 Shoals (1/4) Lair:3        Snake (0/4) Lair:2        Slime (0/5) Lair:6
    Orc (2/2) D:12            Elf (0/3) Orc:2

Altars:
Ashenzari
Cheibriados
Dithmenos
Elyvilon
Fedhas
Gozag
Hepliaklqana
Kikubaaqudgha
Makhleb
Nemelex Xobeh
Okawaru
Qazlal
Ru
Sif Muna
Trog
Uskayaw
Vehumet
Wu Jian
Xom
Yredelemnul
Zin
The Shining One
Beogh
Jiyva

Shops:
D:6 %?   D:9 (   D:10 :   D:11 *   Orc:1 (   Orc:2 *((?=

Annotations:
Lair:4 3 runed doors, exclusion: 2 oklob plants, Mud Xara's ghost, journeyman OgBe
Lair:6 3 runed doors, Hebeh's ghost, journeyman MiFi
Shoals:1 Nikola
Orc:2 2 transporters, Armakuni's ghost, journeyman HuNe


Innate Abilities, Weirdness & Mutations

You reflexively headbutt those who attack you in melee.
You have a pair of horns on your head.
You have supernaturally acute eyesight. (SInv)
Your mind is acute. (Int +2)
Your spells are a little easier to cast, but a little less powerful.


Message History

Aiming: Random Effects
Press: ? - help, Shift-Dir - straight line, f/p - Nikola
Aim: Nikola, wielding a rapier of electrocution, wearing an embroidered cloak and wearing a pair of gloves The bolt of negative energy hits Nikola.
Nikola is drained!
Nikola is lightly wounded.
Nikola points at you and mumbles some strange words.
The bolt of lightning hits you!
Evoke which item? (* to show all) (? for menu, Esc to quit)
Aiming: Random Effects
Press: ? - help, Shift-Dir - straight line, f/p - Nikola
Aim: Nikola, wielding a rapier of electrocution, wearing an embroidered cloak and wearing a pair of gloves (lightly wounded, lightly drained)
The bolt of poison hits Nikola.
Nikola is poisoned.
Nikola is lightly wounded.
Nikola gestures wildly while chanting.
You hear a mighty clap of thunder!
The lightning arc hits you!
* * * LOW HITPOINT WARNING * * *
The lightning arc hits Nikola.
The lightning arc hits you!
You die...

≈≈≈≈≈≈≈≈≈≈≈≈≈≈≈≈≈≈
≈≈(≈≈≈≈..≈≈≈≈≈≈≈≈≈≈≈
≈≈(((≈≈....(.≈≈≈≈≈≈≈
≈≈≈≈≈≈)≈.≈≈..≈≈≈....
≈≈≈≈(..≈≈≈≈≈≈≈≈≈....
≈≈≈≈(...))....≈.....
≈≈≈..(.(()(.........
..≈≈.≈.##(...≈...#
..≈≈@.. ##..@....#
...............≈..PP
#...≈≈≈........(...#
.≈≈.≈≈≈≈≈≈..≈≈≈...$.
≈≈≈..≈..≈....≈≈≈≈...
≈≈≈...%.@≈≈.≈≈≈≈≈≈..
≈.....≈≈≈≈≈≈≈≈≈≈≈
≈≈....≈≈≈≈≈≈≈≈≈≈≈


You could see Nikola.

Vanquished Creatures
  Rupert (Lair:5)
  2 entropy weavers (Lair:6)
  Erolcha (D:9)
  Harold (Lair:4)
  A catoblepas (Lair:6)
  5 hydras
  The ghost of sking99 the Grappler, a novice TrMo of Elyvilon (D:10)
  The ghost of Hebeh the Cleaver, a novice MiFi of Trog (D:10)
  A deep troll shaman (Lair:6)
  16 two-headed ogres
  4 ogre magi (Orc:2)
  6 death yaks (Lair:6)
  A queen ant (Lair:6)
  Sonja (D:10)
  An unseen horror (D:12)
  A lindwurm (Lair:5)
  4 orc knights
  3 orc sorcerers (Orc:1)
  2 fauns (Shoals:1)
  A cyclops (Orc:1)
  3 manticores
  A merfolk siren (Shoals:1)
  2 black mambas
  12 elephants
  2 ice statues (IceCv)
  2 centaur zombies
  A gargoyle (D:10)
  A torpor snail (Lair:6)
  10 spiny frogs
  8 ice devils (IceCv)
  7 komodo dragons
  3 rime drakes
  A queen bee (Lair:2)
  6 trolls
  A polar bear (Lair:6)
  4 slime creatures (D:12)
  A snapping turtle (Lair:3)
  11 hippogriffs
  A spriggan (D:7)
  5 wyverns
  41 yaks
  4 basilisks
  Grum (D:8)
  A warg (Orc:2)
  4 nagas (Lair:2)
  23 soldier ants (Lair:6)
  11 water moccasins
  5 porcupines
  2 black bears (D:9)
  12 ice beasts
  18 orc warriors
  36 ogres
  6 centaurs
  A phantom (D:4)
  15 wolves
  13 crocodiles
  3 big kobolds
  2 gnoll sergeants
  9 bullfrogs
  A water moccasin zombie (D:6)
  5 scorpions
  31 killer bees
  2 howler monkeys (D:10)
  19 wights
  A vampire bat (Lair:3)
  An electric eel (Lair:3)
  2 crimson imps
  2 lava snakes (D:9)
  5 bullfrog zombies
  A quasit (D:10)
  6 hounds
  13 orc priests
  2 jellies
  Crazy Yiuf (D:3)
  2 centaur skeletons
  A gnoll shaman (D:5)
  5 iguanas
  2 hell rats (Lair:2)
  19 orc wizards
  26 worker ants
  3 hound zombies
  A worker ant zombie (D:11)
  19 gnolls
  19 adders
  3 shadow imps
  10 white imps (IceCv)
  2 ufetubi (IceCv)
  3 oozes
  3 worms
  3 dart slugs
  4 leopard geckos
  83 orcs
  4 giant cockroaches
  5 goblins
  10 hobgoblins
  3 jackals (D:7)
  5 quokkas
  2 ball pythons
  13 bats
  2 frilled lizards
  A jackal skeleton (D:6)
  12 kobolds
  6 rats
  A bush (D:3)
  4 fungi
  3 plants
714 creatures vanquished.

Vanquished Creatures (collateral kills)
  A killer bee (Lair:2)
  A fungus (Lair:2)
2 creatures vanquished.

Vanquished Creatures (others)
  A reaper (IceCv)
  A faun (Shoals:1)
  An orc wizard (D:11)
  4 white imps (IceCv)
  2 ufetubi (IceCv)
  13 fungi (Lair:6)
  8 plants
  5 withered plants (D:10)
35 creatures vanquished.

Grand Total: 751 creatures vanquished

Notes
Turn   | Place    | Note
-------+----------+-------------------------------------------
     0 | D:1      | Gildeon the Minotaur Fighter began the quest for the Orb.
     0 | D:1      | Reached XP level 1. HP: 19/19 MP: 0/0
   191 | D:1      | Reached XP level 2. HP: 24/27 MP: 1/1
   470 | D:1      | Reached skill level 3 in Axes
   877 | D:2      | Reached XP level 3. HP: 33/33 MP: 2/2
   894 | D:2      | Reached skill level 1 in Dodging
  1271 | D:2      | Found a deep blue altar of Sif Muna.
  1295 | D:2      | Reached XP level 4. HP: 40/40 MP: 3/3
  1663 | D:3      | Reached skill level 4 in Axes
  1720 | D:3      | Learned a level 1 spell: Confusing Touch
  1845 | D:3      | Reached XP level 5. HP: 40/46 MP: 4/4
  2230 | D:3      | Found a blossoming altar of Fedhas.
  2234 | D:3      | Found a stormy altar of Qazlal.
  2337 | D:3      | Found a runed door.
  2341 | D:3      | Noticed Crazy Yiuf
  2345 | D:3      | Killed Crazy Yiuf
  2345 | D:3      | Reached XP level 6. HP: 52/53 MP: 5/5
  2505 | D:4      | Reached skill level 5 in Axes
  2591 | D:4      | Found a sparkling altar of Nemelex Xobeh.
  2614 | D:4      | Found a bloodstained altar of Trog.
  2618 | D:4      | Found a basalt altar of Yredelemnul.
  2618 | D:4      | Found a hide-covered altar of Uskayaw.
  2626 | D:4      | Found an opulent altar of Gozag.
  2629 | D:4      | Found a glowing golden altar of the Shining One.
  2709 | D:4      | Reached skill level 5 in Fighting
  2768 | D:4      | Reached skill level 5 in Armour
  2779 | D:4      | Reached skill level 5 in Shields
  2880 | D:4      | Reached XP level 7. HP: 61/61 MP: 6/6
  2951 | D:4      | Reached skill level 6 in Axes
  2964 | D:4      | Found an iron altar of Okawaru.
  2994 | D:4      | Became a worshipper of Warmaster Okawaru
  3155 | D:5      | Entered Level 5 of the Dungeon
  3250 | D:5      | Found a staircase to the Ecumenical Temple.
  3295 | Temple   | Entered the Ecumenical Temple
  3451 | D:5      | Reached skill level 7 in Axes
  3480 | D:5      | Reached * piety under Okawaru
  3483 | D:5      | Reached XP level 8. HP: 66/68 MP: 7/7
  3835 | D:6      | Reached skill level 8 in Axes
  3923 | D:6      | Found Gaopt's Magic Scroll Boutique.
  4002 | D:6      | Reached skill level 5 in Dodging
  4041 | D:6      | Noticed a two-headed ogre
  4049 | D:6      | Killed a two-headed ogre
  4049 | D:6      | Reached ** piety under Okawaru
  4049 | D:6      | Reached skill level 10 in Axes
  4049 | D:6      | Reached XP level 9. HP: 57/74 MP: 8/8
  4085 | D:6      | Found Henac's Food Shop.
  4543 | D:7      | Found an ornate altar of the Wu Jian Council.
  4597 | D:7      | Reached *** piety under Okawaru
  4597 | D:7      | Reached skill level 11 in Axes
  5179 | D:7      | Reached skill level 12 in Axes
  5675 | D:7      | Reached XP level 10. HP: 81/81 MP: 9/9
  5706 | D:7      | Reached **** piety under Okawaru
  6170 | D:8      | Noticed Grum
  6194 | D:8      | Killed Grum
  6200 | D:8      | Reached skill level 13 in Axes
  6200 | D:8      | Reached skill level 10 in Shields
  6686 | D:8      | Reached skill level 1 in Invocations
  6787 | D:8      | Found an ornate altar of the Wu Jian Council.
  7086 | D:9      | Found an ancient bone altar of Kikubaaqudgha.
  7121 | D:9      | Reached skill level 1 in Evocations
  7548 | D:9      | Found a staircase to the Lair.
  7620 | D:9      | Reached skill level 1 in Throwing
  7636 | D:9      | Found Tonnelly's Antique Weapon Shoppe.
  7643 | D:9      | Noticed Erolcha
  7652 | D:9      | Killed Erolcha
  7652 | D:9      | Reached ***** piety under Okawaru
  8174 | Lair:1   | Entered Level 1 of the Lair of Beasts
  8485 | Lair:1   | Reached skill level 14 in Axes
  8489 | Lair:1   | Reached XP level 11. HP: 82/86 MP: 12/12
  9100 | Lair:2   | Received a gift from Okawaru
  9642 | Lair:2   | Reached skill level 15 in Axes
  9652 | Lair:2   | Received a gift from Okawaru
  9669 | Lair:2   | Reached skill level 5 in Invocations
  9937 | Lair:2   | Reached skill level 16 in Axes
  9937 | Lair:2   | Reached XP level 12. HP: 85/94 MP: 14/14
 10053 | Lair:2   | Found a staircase to the Snake Pit.
 10077 | Lair:2   | Upgraded the game from 0.22-a0-571-g4a923d4 to 0.22-a0-580-gd5db89c
 10532 | Lair:3   | Reached skill level 5 in Evocations
 10543 | Lair:3   | Reached XP level 13. HP: 85/100 MP: 12/15
 10764 | Lair:3   | Received a gift from Okawaru
 10767 | Lair:3   | Got a scorched hand axe {god gift}
 10802 | Lair:3   | Identified the +6 hand axe of Awkwardness {vamp, rC+ rN+ Dex-5} (Okawaru gifted it to you on level 3 of the Lair of Beasts)
 11151 | Lair:3   | Found a staircase to the Shoals.
 11800 | Lair:4   | Reached skill level 1 in Spellcasting
 11883 | Lair:4   | Reached skill level 1 in Hexes
 11904 | Lair:4   | Noticed Mud Xara's ghost (journeyman OgBe)
 11989 | Lair:4   | Noticed Harold
 12010 | Lair:4   | Killed Harold
 12078 | Lair:4   | Found a runed gate.
 12078 | Lair:4   | Found a runed gate.
 12078 | Lair:4   | Found a runed gate.
 12138 | Lair:4   | Reached skill level 17 in Axes
 12194 | Lair:4   | Reached ****** piety under Okawaru
 12695 | Lair:5   | Noticed Rupert
 12710 | Lair:5   | Paralysed by Rupert for 2 turns
 12717 | Lair:5   | Received a gift from Okawaru
 12721 | Lair:5   | Killed Rupert
 12743 | Lair:5   | Got an ancient battleaxe {god gift}
 13207 | Lair:5   | Reached skill level 5 in Throwing
 13211 | Lair:5   | Received a gift from Okawaru
 13221 | Lair:5   | Got a dazzling broad axe {god gift}
 13241 | Lair:5   | Identified the +1 broad axe "Syxill" {drain, +Inv rN+} (Okawaru gifted it to you on level 5 of the Lair of Beasts)
 13250 | Lair:5   | Learned a level 2 spell: Blink
 13253 | Lair:5   | Learned a level 2 spell: Slow
 13392 | Lair:6   | Entered Level 6 of the Lair of Beasts
 13417 | Lair:6   | Found a viscous altar of Jiyva.
 13418 | Lair:6   | Found a staircase to the Slime Pits.
 13500 | Lair:6   | Noticed Hebeh's ghost (journeyman MiFi)
 13628 | Lair:6   | Found a runed gate.
 13628 | Lair:6   | Found a runed gate.
 13629 | Lair:6   | Found a runed gate.
 13973 | Lair:6   | Noticed an entropy weaver
 13984 | Lair:6   | Noticed an entropy weaver
 13986 | Lair:6   | Reached skill level 1 in Translocations
 14393 | Lair:6   | Reached XP level 14. HP: 107/107 MP: 17/17
 14548 | Lair:6   | Received a gift from Okawaru
 14548 | Lair:6   | Reached skill level 18 in Axes
 15435 | Lair:6   | Killed an entropy weaver
 15477 | Lair:6   | Killed an entropy weaver
 15682 | D:10     | Entered Level 10 of the Dungeon
 15682 | D:10     | Noticed Sonja
 15708 | D:10     | Killed Sonja
 16263 | D:10     | Received a gift from Okawaru
 16400 | D:10     | Found a runed gate.
 16400 | D:10     | Found a runed gate.
 16402 | D:10     | Found a runed gate.
 16404 | D:10     | Noticed Hebeh's ghost (novice MiFi)
 16426 | D:10     | Found Suiprima's Book Shoppe.
 16430 | D:10     | Bought a Young Poisoner's Handbook for 440 gold pieces
 16430 | D:10     | Bought a book of Changes for 275 gold pieces
 16673 | D:10     | Noticed sking99's ghost (novice TrMo)
 16700 | D:11     | Found Gilub's General Store.
 16853 | D:11     | Found a stormy altar of Qazlal.
 17104 | D:11     | Found a frozen archway.
 17131 | IceCv    | Entered an ice cave
 17191 | IceCv    | Killed a reaper
 20325 | D:12     | Found a staircase to the Orcish Mines.
 20355 | D:12     | Found a roughly hewn altar of Beogh.
 20415 | D:12     | Reached skill level 19 in Axes
 20422 | D:12     | Reached skill level 15 in Shields
 20732 | D:12     | Gained mutation: You are partially covered in large bone plates. (SH +4) [potion of mutation]
 20732 | D:12     | Gained mutation: You expend magic power (3 MP) to strengthen your wands. [potion of mutation]
 20733 | D:12     | Lost mutation: You expend magic power (3 MP) to strengthen your wands. [potion of mutation]
 20733 | D:12     | Lost mutation: You are partially covered in large bone plates. (SH +4) [potion of mutation]
 20733 | D:12     | Gained mutation: Your spells are a little easier to cast, but a little less powerful. [potion of mutation]
 20733 | D:12     | Gained mutation: Your mind is acute. (Int +2) [potion of mutation]
 20733 | D:12     | Gained mutation: You have supernaturally acute eyesight. (SInv) [potion of mutation]
 20825 | Orc:1    | Entered Level 1 of the Orcish Mines
 20847 | Orc:1    | Found Nainn's Weapon Shoppe.
 20924 | Orc:1    | Reached XP level 15. HP: 101/114 MP: 17/20
 21129 | Orc:1    | Found a roughly hewn altar of Beogh.
 21375 | Orc:2    | Entered Level 2 of the Orcish Mines
 21380 | Orc:2    | Received a gift from Okawaru
 21382 | Orc:2    | Paralysed by an orc sorcerer for 7 turns
 21396 | Orc:1    | Received a gift from Okawaru
 21712 | Orc:1    | Upgraded the game from 0.22-a0-580-gd5db89c to 0.22-a0-587-g7d32d7c
 21933 | Orc:1    | Received a gift from Okawaru
 22267 | Orc:2    | Reached skill level 5 in Spellcasting
 22319 | Orc:2    | Found a staircase to the Elven Halls.
 22439 | Orc:2    | Reached skill level 5 in Hexes
 22620 | Orc:2    | Found Padghumm's Assorted Antiques.
 22620 | Orc:2    | Found Xoelar's Antique Weapon Shoppe.
 22624 | Orc:2    | Found Amiutyts's Magic Scroll Boutique.
 22624 | Orc:2    | Found Patz's Weapon Shoppe.
 22842 | Orc:2    | Found a transporter.
 22851 | Orc:2    | Noticed Armakuni's ghost (journeyman HuNe)
 22856 | Orc:2    | Found a transporter.
 22881 | Orc:2    | Found Icsexuw's Jewellery Shoppe.
 23301 | D:10     | Bought a book of Geomancy for 385 gold pieces
 23301 | D:10     | Bought a book of Debilitation for 440 gold pieces
 23303 | D:10     | Learned a level 1 spell: Corona
 23306 | D:10     | Learned a level 2 spell: Passwall
 23358 | D:10     | Killed sking99's ghost
 23358 | D:10     | Received a gift from Okawaru
 23485 | D:10     | Killed Hebeh's ghost
 23896 | Shoals:1 | Entered Level 1 of the Shoals
 23948 | Shoals:1 | Noticed Nikola
 24240 | Shoals:1 | Killed from afar by Nikola

Vault maps used:
D:1:      dpeg_arrival_tiny_a
D:2:      lemuel_blue_sif_altar
D:3:      grunt_temple_overflow_forces_of_nature, uniq_crazy_yiuf_cottage
D:4:      minmay_diamond_boxcup, minmay_overflow_temple_star_hex,
          kennysheep_okawaru_gauntlet, nemelex_xobeh_ov_fountains_minmay,
          hangedman_decor_peaks_small, minmay_bisected
D:5:      minmay_temple_entry_butterflies, first_ration
D:6:      serial_shops, nicolae_shop_stone, shop
D:7:      basic_altar, the_bakery, kennysheep_generic_room_12
D:8:      kennysheep_mini, uniq_grum
D:9:      old_standard_altar, lair_entry_dummy, serial_shops,
          kennysheep_little_box, kennysheep_dice, uniq_erolcha
D:10:     serial_shops, shop, gammafunk_ghost_cemetery, uniq_sonja
D:11:     statuecave_lemuel, serial_shops, shop_statue,
          portal_ice_cave_entry_ice_beasts, minmay_misc_feat_hallway,
          grunt_qazlal_clouds
D:12:     minmay_orc_entry_temple_small
Temple:   cyrus_temple_forest
Lair:1:   nicolae_quartered_pool_medium, lemuel_fruit_fields
Lair:2:   regret_index_tunnel_blossom, minmay_snake_entry_guardpost_small,
          minivault_26
Lair:3:   minmay_shoals_entry_hut, roderic_batcave
Lair:4:   gammafunk_ghost_icy, ldierk_geyser, minmay_lair_oklob_chamber,
          serial_bayou_shore_b, uniq_harold
Lair:5:   beast_lair_carwin_1, grunt_megastairs_3, uniq_rupert
Lair:6:   grunt_lair_end_beastmaster, slime_altar_1, gammafunk_ghost_icy,
          minivault_29
Shoals:1: ebering_ghost_xom, uniq_donald, uniq_nikola
Orc:1:    basic_altar, serial_shops, shop
Orc:2:    st_orc_ogre_mass, gammafunk_ghost_arena, serial_shops, shop
IceCv:    ice_cave_small_demon

Skill      XL: |  1  2  3  4  5  6  7  8  9 10 11 12 13 14 15 |
---------------+----------------------------------------------+-----
Axes           | 3 4 5 7 10 12 14 16 17 19 | 19.7
Dodging        | 1 2 3 4 5 6 |  6.0
Fighting       | 4 5 6 |  6.0
Shields        | 4 5 6 7 9 10 13 14 15 | 15.5
Armour         | 4 5 6 |  6.0
Invocations    | 3 5 |  5.0
Evocations     | 2 4 5 |  5.0
Throwing       | 2 3 5 |  5.0
Spellcasting   | 3 4 5 |  5.0
Hexes          | 2 4 5 |  5.0
Translocations | 1 3 4 |  4.6
Transmutations | |  0.4
Earth Magic    | |  0.5

Action                   |  1- 3 |  4- 6 |  7- 9 | 10-12 | 13-15 || total
-------------------------+-------+-------+-------+-------+-------++-------
Melee: War axe           |    77 |   139 |   238 |   434 |  1023 ||  1911
       Headbutt          |    15 |    33 |    44 |    84 |   278 ||   454
       Spear             |       |       |    22 |    70 |       ||    92
       Hand axe          |       |       |       |       |   181 ||   181
Throw: Tomahawk          |       |    28 |    76 |   169 |   396 ||   669
       Javelin           |       |       |       |     3 |   110 ||   113
       Throwing net      |       |       |       |       |     8 ||     8
Evoke: Wand              |       |       |     6 |     2 |   126 ||   134
  Use: Scroll            |     2 |    10 |    11 |    14 |    22 ||    59
       Potion            |       |       |     5 |     5 |    18 ||    28
 Stab: Paralysed         |       |       |       |       |     6 ||     6
       Held in net/web   |       |       |       |       |     3 ||     3
       Confused          |       |       |       |       |     1 ||     1
       Petrified         |       |       |       |       |     1 ||     1
  Eat: Ration            |     1 |       |     1 |     2 |     7 ||    11
       Chunk             |       |     3 |     7 |    11 |    18 ||    39
Armor: Scale mail        |    31 |     4 |       |       |       ||    35
       Plate armour      |       |    60 |   112 |   202 |   229 ||   603
       Skin              |       |       |       |     1 |     1 ||     2
       Crystal plate arm |       |       |       |       |   238 ||   238
       Robe              |       |       |       |       |    18 ||    18
Dodge: Dodged            |    22 |    24 |    64 |    90 |   131 ||   331
Block: Shield            |    52 |    57 |       |       |       ||   109
       Large shield      |       |    34 |   268 |   497 |  1074 ||  1873

Table legend:
 A = Spawn XP
 B = Non-spawn XP
 C = Spawn XP percentage of total XP
 D = Spawn monster count
 E = Non-spawn monster count
 F = Spawn count percentage of total count
 G = Total turns spent on level
                    A         B        C        D         E        F      G
               +---------+---------+-------+---------+---------+-------+---------
         Total |       0 |  115631 |   0.0 |       0 |     708 |   0.0 | 24240
               +---------+---------+-------+---------+---------+-------+---------
           D:1 |       0 |      29 |   0.0 |       0 |      17 |   0.0 |   770
           D:2 |       0 |     107 |   0.0 |       0 |      19 |   0.0 |   886
           D:3 |       0 |     248 |   0.0 |       0 |      29 |   0.0 |   718
           D:4 |       0 |     476 |   0.0 |       0 |      22 |   0.0 |   781
           D:5 |       0 |     784 |   0.0 |       0 |      23 |   0.0 |   558
           D:6 |       0 |    1639 |   0.0 |       0 |      18 |   0.0 |   747
           D:7 |       0 |    2387 |   0.0 |       0 |      41 |   0.0 |  1256
           D:8 |       0 |    1651 |   0.0 |       0 |      28 |   0.0 |  1285
           D:9 |       0 |    2557 |   0.0 |       0 |      29 |   0.0 |  1199
          D:10 |       0 |    5859 |   0.0 |       0 |      29 |   0.0 |  1519
          D:11 |       0 |    2650 |   0.0 |       0 |      41 |   0.0 |  1016
          D:12 |       0 |    7133 |   0.0 |       0 |      39 |   0.0 |  1277
        Lair:1 |       0 |    3169 |   0.0 |       0 |      17 |   0.0 |  1073
        Lair:2 |       0 |    8278 |   0.0 |       0 |      60 |   0.0 |  1281
        Lair:3 |       0 |    3835 |   0.0 |       0 |      29 |   0.0 |  1646
        Lair:4 |       0 |    8291 |   0.0 |       0 |      27 |   0.0 |   928
        Lair:5 |       0 |   10202 |   0.0 |       0 |      24 |   0.0 |   723
        Lair:6 |       0 |   22911 |   0.0 |       0 |      76 |   0.0 |  2146
      Shoals:1 |       0 |    1639 |   0.0 |       0 |       5 |   0.0 |    67
         Orc:1 |       0 |   17455 |   0.0 |       0 |      72 |   0.0 |  1402
         Orc:2 |       0 |   10608 |   0.0 |       0 |      41 |   0.0 |   993
         IceCv |       0 |    3723 |   0.0 |       0 |      22 |   0.0 |  1889
               +---------+---------+-------+---------+---------+-------+---------
